Map: Echo LE (Void)

Players

IIIIIIIIIIII

  • Race: Protoss Protoss

Shamanas - Winner!

  • Race: Terran Terran

VOD

Have the link to the VOD?

Description

Time

  • Played on: May 2, 2015, 6:34 a.m.
  • Length: 12:47
Show
View Real Time Build Order
Export as new Build Order

IIIIIIIIIIII Protoss 

Build Orders: 1 Gate Expand, Blink Stalkers, Colossus Rush 

Get SALT Encoding   

  12  0:01  Probe  
  13  0:15  Pylon  
  13  0:18  Probe  
  14  0:33  Probe (Chrono Boost)  
  15  0:41  Gateway  
  16  0:43  Probe (Chrono Boost)  
  16  0:50  Probe  
  17  1:03  Probe  
  18  1:12  Nexus  
  18  1:17  Assimilator  
  18  1:22  Assimilator  
  18  1:33  Cybernetics Core  
  18  1:36  Probe (Chrono Boost)  
  19  1:46  Probe (Chrono Boost)  
  20  1:53  Probe  
  21  1:54  Pylon  
  21  2:05  Probe (Chrono Boost)  
  22  2:13  Stalker  
  25  2:17  Mothership Core (Chrono Boost)  
  25  2:22  Warp Gate  
  25  2:28  Probe  
  26  2:32  Probe  
  27  2:40  Probe (Chrono Boost)  
  28  2:44  Probe (Chrono Boost)  
  29  2:52  Probe (Chrono Boost)  
  29  2:53  Stalker  
  29  2:56  Probe (Chrono Boost)  
  33  3:01  Probe (Chrono Boost)  
  33  3:03  Probe (Chrono Boost)  
  35  3:09  Probe (Chrono Boost)  
  35  3:12  Twilight Council  
  36  3:18  Robotics Facility  
  37  3:20  Probe (Chrono Boost)  
  37  3:21  Probe (Chrono Boost)  
  38  3:29  Pylon  
  38  3:30  Probe (Chrono Boost)  
  38  3:33  Stalker  
  41  3:38  Probe (Chrono Boost)  
  41  3:40  Probe (Chrono Boost)  
  43  3:46  Assimilator  
  43  3:48  Assimilator  
  43  3:50  Probe (Chrono Boost)  
  43  3:52  Probe (Chrono Boost)  
  43  3:53  Blink  
  45  4:04  Pylon  
  45  4:10  Observer (Chrono Boost)  
  45  4:12  Probe  
  45  4:13  Probe  
  48  4:20  Pylon  
  48  4:23  Gateway  
  48  4:24  Gateway, Probe  
  48  4:25  Probe  
  48  4:30  Observer  
  51  4:32  Gateway  
  51  4:36  Probe  
  51  4:37  Probe  
  53  4:41  Robotics Bay  
  53  4:48  Probe  
  53  4:49  Probe  
  55  5:00  Probe  
  55  5:04  Probe  
  57  5:14  Pylon  
  57  5:16  Stalker  
  57  5:27  Stalker  
  57  5:28  Stalker  
  57  5:40  Stalker  
  59  5:45  Extended Thermal Lance  
  59  5:47  Stalker  
  59  5:49  Probe  
  62  5:50  Probe  
  62  5:51  Colossus (Chrono Boost)  
  69  6:01  Probe  
  69  6:02  Stalker x2, Pylon  
  69  6:03  Pylon  
  74  6:06  Pylon  
  74  6:12  Forge  
  74  6:13  Forge  
  74  6:16  Forge  
  74  6:17  Forge  
  74  6:33  Stalker  
  74  6:34  Stalker x2  
  74  6:37  Nexus  
  79  6:42  Observer (Chrono Boost)  
  79  6:43  Stalker  
  70  6:57  Pylon  
  70  7:00  Stalker x2, Probe (Chrono Boost)  
  73  7:03  Stalker  
  73  7:07  Probe (Chrono Boost)  
  75  7:12  Probe (Chrono Boost)  
  76  7:15  Stalker  
  76  7:17  Probe (Chrono Boost)  
  76  7:20  Probe (Chrono Boost)  
  80  7:24  Probe  
  80  7:28  Adept x3  
  80  7:29  Probe  
  82  7:42  Stalker  
  75  7:49  Stalker x2  
  75  7:50  Stalker  
  79  7:54  Protoss Ground Weapons Level 1 (Chrono Boost), Warp Prism (Chrono Boost)  
  79  7:57  Protoss Ground Armor Level 1 (Chrono Boost)  
  80  8:19  Stalker x2  
  79  8:20  Stalker x2  
  79  8:21  Probe  
  79  8:22  Probe  
  86  8:36  Observer (Chrono Boost)  
  84  8:46  Gateway  
  84  8:48  Gateway, Colossus (Chrono Boost)  
  86  9:05  Probe x2  
  86  9:07  Assimilator  
  86  9:09  Photon Cannon  
  88  9:10  Photon Cannon, Assimilator  
  88  9:13  Stalker x4  
  72  9:32  Pylon  
  70  9:40  Stalker x2  
  70  9:41  Stalker x3  
  69  10:11  Colossus  
  65  10:16  Probe x2  
  65  10:18  Probe  
  74  10:23  Gateway  
  74  10:24  Stalker x2  
  74  10:25  Stalker, Gateway  
  74  10:26  Gateway  
  74  10:27  Gateway  
  74  10:28  Stalker, Probe  
  72  10:31  Gateway  
  73  10:36  Pylon  
  73  10:46  Probe x3  
  76  10:56  Templar Archives  
  76  10:59  Adept x3  
  80  11:25  Stalker x3  
  80  11:26  Stalker  
  80  11:29  Observer (Chrono Boost)  
  80  11:32  Probe x2  
  87  11:39  Probe  
  88  11:44  Probe x2  
  88  11:47  High Templar x3  
  92  11:49  Zealot x3  
  92  11:50  Zealot  
  92  11:51  Archon  
  92  11:52  Probe  
  105  11:56  Probe  
  105  11:59  Adept  
  105  12:00  Adept  
  110  12:04  Probe x2  
  110  12:08  Probe  
  113  12:16  Probe x2  
  115  12:28  High Templar x3  
  121  12:37  Archon  
Show
View Real Time Build Order
Export as new Build Order

Shamanas Terran - Winner!

Build Orders: Reaper Expand 

Get SALT Encoding   

  12  0:02  SCV  
  13  0:14  SCV  
  14  0:18  Supply Depot  
  14  0:26  SCV  
  15  0:39  SCV  
  16  0:42  Barracks  
  16  0:45  Refinery  
  16  0:52  SCV  
  17  1:04  SCV  
  18  1:18  Supply Depot  
  18  1:19  SCV  
  19  1:30  Reaper  
  19  1:32  Orbital Command  
  20  1:46  Command Center  
  20  1:58  SCV  
  21  2:07  Marine  
  22  2:08  Factory  
  22  2:11  SCV  
  23  2:25  SCV  
  23  2:27  Barracks Reactor, Refinery  
  24  2:37  SCV  
  24  2:40  Bunker  
  24  2:49  SCV  
  24  2:51  Supply Depot  
  25  2:53  Factory Tech Lab  
  25  3:00  Orbital Command  
  25  3:04  SCV, Marine  
  27  3:05  Marine  
  28  3:13  Cyclone, Missile Turret  
  31  3:20  SCV, Orbital Command  
  31  3:24  Marine x2  
  31  3:25  Missile Turret  
  34  3:33  SCV  
  35  3:35  Starport  
  35  3:43  Marine x2  
  35  3:45  Missile Turret  
  37  3:49  SCV  
  37  3:50  SCV  
  39  3:57  Cyclone  
  39  4:01  SCV  
  39  4:02  SCV  
  44  4:04  Marine x2  
  44  4:05  Refinery  
  44  4:06  Refinery  
  46  4:11  Supply Depot  
  46  4:14  Starport Tech Lab  
  46  4:17  SCV x2  
  48  4:24  Marine x2  
  48  4:29  SCV  
  48  4:30  SCV  
  52  4:35  Banshee, Cloaking Field  
  55  4:42  SCV x2, Supply Depot  
  55  4:45  Supply Depot  
  57  4:52  Factory  
  57  4:54  SCV x2  
  59  5:00  Cyclone  
  59  5:03  Supply Depot  
  59  5:06  SCV  
  63  5:12  SCV  
  63  5:27  SCV x2  
  62  5:28  Banshee  
  62  5:33  Command Center  
  65  5:41  Hellion x2, Factory  
  65  5:42  Armory, Cyclone  
  61  5:56  SCV x2  
  63  6:02  Hellion  
  63  6:03  Hellion  
  67  6:07  Missile Turret  
  67  6:08  SCV x2  
  69  6:14  Banshee  
  69  6:16  Cyclone  
  75  6:20  SCV x2  
  75  6:25  Supply Depot  
  77  6:26  Hellion x2, Factory Reactor  
  77  6:32  Refinery x2, Infernal Pre-Igniter  
  81  6:33  SCV  
  82  6:44  SCV  
  82  6:45  SCV  
  80  6:56  Cyclone  
  80  6:57  Hellbat x2  
  87  7:06  SCV x2  
  87  7:07  Orbital Command  
  86  7:16  Banshee, Missile Turret, Hellbat x2  
  86  7:18  SCV  
  86  7:19  SCV  
  86  7:20  Starport  
  86  7:21  Terran Vehicle and Ship Weapons Level 1  
  95  7:23  Factory  
  88  7:39  Cyclone  
  88  7:40  Hellbat x4  
  87  7:52  SCV  
  87  7:53  SCV x2  
  87  7:57  Starport Tech Lab  
  90  8:04  Hellbat x2  
  92  8:10  SCV x3  
  88  8:15  Factory Tech Lab  
  88  8:16  Cyclone  
  88  8:18  Banshee x2  
  92  8:25  Command Center  
  92  8:27  SCV x3  
  92  8:32  Hellion, Hellbat x3  
  103  8:38  Starport  
  105  8:48  Hellion  
  105  8:49  Cyclone  
  106  9:00  Hellion, Hellbat x2  
  109  9:16  Hellbat  
  109  9:18  SCV x2, Starport Reactor  
  109  9:19  Viking  
  109  9:20  Supply Depot  
  109  9:22  Missile Turret x2  
  109  9:26  Hellbat  
  109  9:29  Missile Turret  
  109  9:32  Missile Turret  
  109  9:37  SCV, Viking, Hellbat x2  
  111  9:50  Cyclone x2  
  105  9:57  Hellion  
  98  10:04  SCV x2  
  98  10:06  Hellbat  
  98  10:07  Banshee x2, Hellbat x3  
  101  10:09  Viking x2  
  101  10:10  Hellion x3  
  98  10:34  Hellbat x4  
  106  10:35  Cyclone  
  106  10:36  SCV x2, Cyclone  
  106  10:37  SCV  
  109  10:48  SCV, Engineering Bay  
  110  10:50  Banshee  
  110  10:51  Viking x2  
  110  10:52  Banshee  
  120  10:59  Refinery  
  120  11:04  Refinery  
  120  11:06  Missile Turret  
  120  11:08  Hellbat x4  
  120  11:10  Cyclone  
  132  11:18  Cyclone  
  132  11:20  Planetary Fortress  
  129  11:31  SCV x3  
  132  11:50  Command Center, Supply Depot  
  132  11:51  Supply Depot  
  132  11:55  Supply Depot  
  131  12:11  Hellbat  
  131  12:12  Cyclone, Viking x2  
  131  12:13  Cyclone, Hellbat x3  
Tags
 
Add a new tag
Caveats
  • Supply blocks, unpowered buildings, or Contaminate may cause inaccurate times.
  • Supply counts are checked every 10 seconds.